 Dungeon Crawl Stone Soup version 0.27.1-1-g398f81649c (webtiles) character file.

Game seed: 619724224758726640

250 Rickety the Sneak (level 5, -6/24 HPs)
             Began as a Spriggan Enchanter on Sept 10, 2021.
             Blown up by a gnoll shaman (8 damage)
             ... with a mindburst bolt
             ... on level 4 of the Dungeon.
             The game lasted 00:12:12 (3920 turns).

Rickety the Sneak (Spriggan Enchanter)              Turns: 3920, Time: 00:12:13

Health: -6/24      AC:  3    Str:  4    XL:     5   Next: 88%
Magic:  9/12       EV: 17    Int: 17    God:
Gold:   139        SH:  0    Dex: 16    Spells: 10/13 levels left

rFire    + . .     SeeInvis +   a - +1 dagger (venom)
rCold    . . .     Faith    .   (shield restricted)
rNeg     . . .     Spirit   .   o - +1 robe
rPois    .         Reflect  .   (helmet restricted)
rElec    .         Harm     .   (no cloak)
rCorr    .         Rampage  .   (gloves unavailable)
Will     .....                  (boots unavailable)
Stlth    ++++......             (no amulet)
HPRegen  0.08/turn              r - ring of protection from fire
MPRegen  0.13/turn              (no ring)

@: very quick
A: very small, no large weapons, unfitting armour, see invisible, speed 3
a: no special abilities


You were on level 4 of the Dungeon.
You visited 1 branch of the dungeon, and saw 4 of its levels.

You collected 139 gold pieces.

Inventory:

Hand Weapons
 a - a +1 dagger of venom (weapon)
 b - a +2 dagger of protection
 c - a +2 dagger of draining
Missiles
 n - 14 poisoned darts
Armour
 o - a +1 robe (worn)
Magical Staves
 i - a staff of death
Jewellery
 r - a ring of protection from fire (left hand)
Wands
 m - a wand of flame (24)
Scrolls
 j - 3 scrolls of identify {unknown}
 p - a scroll of enchant armour
 q - a scroll of vulnerability {unknown}
 v - a scroll of teleportation {unknown}
Potions
 d - 4 potions of degeneration {unknown}
 e - a potion of heal wounds {unknown}
 f - 4 potions of curing {unknown}
 g - 4 potions of haste {unknown}
 h - a potion of invisibility {unknown}
 k - a potion of lignification {unknown}
 l - a potion of resistance {unknown}
 s - a potion of berserk rage {unknown}
 t - a potion of might {unknown}
 u - 2 potions of mutation {unknown}


   Skills:
 + Level 0.2 Fighting
 + Level 1.7 Short Blades
 + Level 2.8 Dodging
 * Level 7.9 Stealth
 + Level 4.5 Spellcasting
 + Level 4.4 Hexes
 + Level 0.2 Ice Magic


You had 10 spell levels left.
You knew the following spells:

 Your Spells              Type           Power      Damage    Failure   Level
a - Corona                Hex            20%        N/A       2%          1
b - Ensorcelled Hibernat  Hex/Ice        22%        N/A       9%          2

Your spell library contained the following spells:

 Spells                   Type           Power      Damage    Failure   Level
 Confusing Touch          Hex            18%        N/A       8%          3
 Tukima's Dance           Hex            18%        N/A       8%          3
 Foxfire                  Conj/Fire      12%        2x1d4     16%         1
 Shock                    Conj/Air       12%        1d3       16%         1
 Dazzling Flash           Conj/Hex       22%        N/A       19%         3
 Swiftness                Air            3%         N/A       41%         3
 Airstrike                Air            1%         N/A       83%         4


Dungeon Overview and Level Annotations

Branches:
Dungeon (4/15)
 Temple: D:4-7

Altars:
Makhleb


Innate Abilities, Weirdness & Mutations

You are very small and have problems with some larger weapons.
You are too small for most types of armour.
You have supernaturally acute eyesight. (SInv)
You cover ground extremely quickly. (Speed+++)


Message History

Confirm with . or Enter, or press ? or * to list all spells.
Aiming: Ensorcelled Hibernation (safe; 9% risk of failure)
Press: ? - help, Shift-Dir - straight line, f - you
Okay, then.
Casting: Ensorcelled Hibernation (safe; 9% risk of failure)
Confirm with . or Enter, or press ? or * to list all spells.
Aiming: Ensorcelled Hibernation (safe; 9% risk of failure)
Press: ? - help, Shift-Dir - straight line, f - you
Okay, then.
Casting: Ensorcelled Hibernation (safe; 9% risk of failure)
Confirm with . or Enter, or press ? or * to list all spells.
Aiming: Ensorcelled Hibernation (safe; 9% risk of failure)
Press: ? - help, Shift-Dir - straight line, f - gnoll
Aim: a gnoll, wielding a +0 halberd (not susceptible)
The gnoll is unaffected.
Casting: Ensorcelled Hibernation (safe; 9% risk of failure)
Confirm with . or Enter, or press ? or * to list all spells.
Aiming: Ensorcelled Hibernation (safe; 9% risk of failure)
Press: ? - help, Shift-Dir - straight line, f/p - gnoll
Aim: a gnoll, wielding a +0 halberd (not susceptible)
Okay, then.
Press: ? - help, v - describe, . - travel
Here: a gnoll, wielding a +0 halberd The floor.
A gnoll is nearby!
Press: ? - help, v - describe, . - travel
Here: a gnoll, wielding a +0 halberd The floor.
A gnoll is nearby!
A gnoll is nearby!
Press: ? - help, v - describe, . - travel The floor.
Unknown command.
You see here a +0 plate armour.
A gnoll shaman comes into view.
It is wielding a +0 club and carrying a wand of mindburst (13).
The gnoll shaman shouts!
You hear a shout!
The gnoll shaman zaps a wand.
Your mind is blasted!
* * * LOW HITPOINT WARNING * * *
The gnoll shaman zaps a wand.
Your mind is blasted!
You die...

###.#### ######.#
#..# ....#
#.g.g..# #..#
##..# #.####.#
#..# #..# #.#
#... ...# #..#
#.# ##### ####
#..## #.# #...#
#.# #.#.# #.#
#.#.# #@# #.#.#
#.# #.#># #.#
#.#.# #.#
#.#.###########.#
#...##..........#
###....##########
#.....#
#.....######


You could see a gnoll shaman.

Vanquished Creatures
  2 hounds (D:4)
  Terence (D:3)
  A hound skeleton (D:4)
  3 adders
  5 gnolls (D:4)
  An ufetubus (D:4)
  2 worms (D:3)
  4 orcs
  6 endoplasms
  A giant cockroach (D:2)
  6 goblins
  4 hobgoblins
  8 jackals
  2 quokkas
  4 ball pythons
  7 bats
  3 frilled lizards
  2 hobgoblin zombies (D:4)
  4 kobolds
  2 kobold zombies (D:4)
  3 rats
71 creatures vanquished.

Vanquished Creatures (others)
  A plant (D:1)
1 creature vanquished.

Grand Total: 72 creatures vanquished

Notes
Turn   | Place    | Note
-------+----------+-------------------------------------------
     0 | D:1      | Rickety the Spriggan Enchanter began the quest for the Orb.
     0 | D:1      | Reached XP level 1. HP: 9/9 MP: 5/5
   341 | D:1      | You fall into a shaft and drop 1 floor!
   484 | D:1      | Reached XP level 2. HP: 13/13 MP: 7/7
   487 | D:1      | Learned a level 2 spell: Ensorcelled Hibernation
   497 | D:1      | Found a faded altar of an unknown god.
   511 | D:1      | Got Plato's Almanac of Flames
   521 | D:1      | Reached skill level 5 in Stealth
  1588 | D:2      | Reached XP level 3. HP: 16/16 MP: 8/8
  1604 | D:2      | Reached skill level 6 in Stealth
  2081 | D:3      | Reached XP level 4. HP: 21/21 MP: 6/9
  2501 | D:3      | Noticed Terence
  2508 | D:3      | Killed Terence
  2924 | D:3      | Reached skill level 7 in Stealth
  3138 | D:4      | Reached XP level 5. HP: 24/24 MP: 8/11
  3215 | D:4      | Found a burning altar of Makhleb.
  3920 | D:4      | Blown up by a gnoll shaman

Illustrated notes

Levels and vault maps discovered:
D:1:      dpeg_arrival_tiny_a, layout_rooms,
          shapermc_ecumenical_altar_rom_forum, kennysheep_small_spiral
D:2:      layout_basic, dk_vineyard_1, minmay_misc_feat_rows
D:3:      minmay_angry_zag, layout_rooms, hex_intersection,
          minmay_misc_feat_room, wander_ebering_terrifying_dragon_lair,
          uniq_terence
D:4:      layout_loops_ring, lemuel_tele_altar, minmay_mini_ossuary

Skill      XL: |  1  2  3  4  5 |
---------------+----------------+-----
Spellcasting   | 3 4 |  4.5
Stealth        | 5 6 7 |  7.9
Hexes          | 4 |  4.4
Fighting       | |  0.2
Short Blades   | |  1.7
Dodging        | |  2.8
Ice Magic      | |  0.2

Action                   |  1- 3 |  4- 6 || total
-------------------------+-------+-------++-------
Melee: Dagger            |    84 |    74 ||   158
 Cast: Corona            |     7 |     1 ||     8
       Ensorcelled Hiber |    22 |    48 ||    70
  Use: Scroll            |     3 |       ||     3
 Stab: Sleeping          |    24 |    24 ||    48
Armor: Robe              |     6 |     5 ||    11
Dodge: Dodged            |    63 |    60 ||   123
